TOP OF THE 1ST |
Phoenix Hotspur Reserves batting - Pitching for Salt Lake City Buzz : RHP César Toledo
|
Pitching: RHP César Toledo
|
|
Batting: RHB Gabriel Pérez
|
0-0: Bunt for hit - play at first, batter safe!
|
Batting: RHB Randy Rehling
|
0-0: Grounds out, U3 (Groundball, 3L)
|
Batting: SHB Roberto López
|
0-0: Ball 1-0: Swinging Strike 1-1: Ball 2-1: Foul Ball, location: 2F 2-2: Foul Ball, location: 2F 2-2: Ball 3-2: Base on Balls
|
Batting: RHB Martín Martínez
|
0-0: Ball 1-0: SINGLE (Line Drive, 56D) Gabriel Pérez to third Roberto López to second
|
Batting: RHB Jorge Gonzáles
|
0-0: Ball 1-0: Called Strike 1-1: Ball 2-1: Called Strike 2-2: Grounds into double play, 5-4-3 (Groundball, 5)
|
Top of the 1st over - 0 run(s), 2 hit(s), 0 error(s), 2 left on base; Phoenix 0 - Salt Lake City 0 |
BOTTOM OF THE 1ST |
Salt Lake City Buzz batting - Pitching for Phoenix Hotspur Reserves : LHP Elroy Gardner
|
Pitching: LHP Elroy Gardner
|
|
Batting: RHB Roberto Ríos
|
0-0: Ball 1-0: Called Strike 1-1: SINGLE (Line Drive, 89S)
|
Batting: SHB Carlton Reed
|
0-0: Ball 1-0: SINGLE (Line Drive, 4D) Roberto Ríos to second Runner from 2nd tries for 3rd, SAFE, no throw or cutoff
|
Batting: LHB George Huffman
|
0-0: Ball 1-0: Grounds into double play, 3-6-3 (Groundball, 3) Roberto Ríos scores
|
Batting: RHB Gustavo Mateo
|
0-0: Ball 1-0: Foul Ball, location: 2F 1-1: Fly out, F8 (Flyball, 8LXD)
|
Bottom of the 1st over - 1 run(s), 2 hit(s), 0 error(s), 0 left on base; Phoenix 0 - Salt Lake City 1 |
TOP OF THE 2ND |
Phoenix Hotspur Reserves batting - Pitching for Salt Lake City Buzz : RHP César Toledo
|
Batting: RHB Júlio Mateo
|
0-0: Swinging Strike 0-1: Ball 1-1: Foul Ball, location: 2F 1-2: Foul Ball, location: 2F 1-2: Foul Ball, location: 2F 1-2: Foul Ball, location: 2F 1-2: Foul Ball, location: 2F 1-2: Ball 2-2: SINGLE (Flyball, 6MD)
|
Batting: RHB Ben Anderson
|
0-0: TRIPLE (Flyball, 89M) Júlio Mateo scores
|
Batting: SHB Jesús González
|
0-0: Fly out, F4 (Popup, 4)
|
Batting: RHB Alejandro Ibarra
|
0-0: Fly out, F9 (Flyball, 89S)
|
Batting: RHB Gabriel Pérez
|
0-0: Ball 1-0: SINGLE (Flyball, 7LS) Ben Anderson scores
|
Batting: RHB Randy Rehling
|
0-0: Hit by Pitch Gabriel Pérez to second
|
Batting: SHB Roberto López
|
0-0: Ball 1-0: Foul Ball, location: 2F 1-1: Foul Ball, location: 2F 1-2: Foul Ball, location: 2F 1-2: Ball 2-2: Ball 3-2: Foul Ball, location: 2F 3-2: Base on Balls Gabriel Pérez to third Randy Rehling to second
|
Batting: RHB Martín Martínez
|
0-0: Ball 1-0: Ball 2-0: Foul Ball, location: 2F 2-1: Ball 3-1: Swinging Strike 3-2: Foul Ball, location: 2F 3-2: Base on Balls Gabriel Pérez scores Randy Rehling to third Roberto López to second
|
Batting: RHB Jorge Gonzáles
|
0-0: Swinging Strike 0-1: Fly out, F3 (Popup, 34)
|
Top of the 2nd over - 3 run(s), 3 hit(s), 0 error(s), 3 left on base; Phoenix 3 - Salt Lake City 1 |
BOTTOM OF THE 2ND |
Salt Lake City Buzz batting - Pitching for Phoenix Hotspur Reserves : LHP Elroy Gardner
|
Batting: SHB Wayne Saunders
|
0-0: Ball 1-0: Foul Ball, location: 2F 1-1: Foul Ball, location: 2F 1-2: SINGLE (Flyball, 9LS)
|
Batting: RHB Zach Lewis
|
0-0: Ball 1-0: Foul Ball, location: 2F 1-1: Ball 2-1: Fielders Choice at 2nd, 1-4 (Groundball, 15)
|
Batting: RHB Jim Coffey
|
0-0: Ball 1-0: Called Strike 1-1: Grounds into double play, 6-4-3 (Groundball, 6)
|
Bottom of the 2nd over - 0 run(s), 1 hit(s), 0 error(s), 0 left on base; Phoenix 3 - Salt Lake City 1 |
TOP OF THE 3RD |
Phoenix Hotspur Reserves batting - Pitching for Salt Lake City Buzz : RHP César Toledo
|
Batting: RHB Júlio Mateo
|
0-0: Called Strike 0-1: Ball 1-1: Ball 2-1: Ball 3-1: Called Strike 3-2: Ground out 5-3 (Groundball, 5)
|
Batting: RHB Ben Anderson
|
0-0: Fly out, F2 (Popup, 2LF)
|
Batting: SHB Jesús González
|
0-0: Called Strike 0-1: Fly out, F9 (Flyball, 9LM)
|
Top of the 3rd over - 0 run(s), 0 hit(s), 0 error(s), 0 left on base; Phoenix 3 - Salt Lake City 1 |
BOTTOM OF THE 3RD |
Salt Lake City Buzz batting - Pitching for Phoenix Hotspur Reserves : LHP Elroy Gardner
|
Batting: RHB Juan Martínez
|
0-0: Ball 1-0: Ball 2-0: Called Strike 2-1: Fly out, F3 (Popup, 3L)
|
Batting: LHB Valentín Salas
|
0-0: Called Strike 0-1: Called Strike 0-2: Fly out, F2 (Popup, 2RF)
|
Batting: RHB Roberto Ríos
|
0-0: Called Strike 0-1: Swinging Strike 0-2: Strikes out looking
|
Bottom of the 3rd over - 0 run(s), 0 hit(s), 0 error(s), 0 left on base; Phoenix 3 - Salt Lake City 1 |
TOP OF THE 4TH |
Phoenix Hotspur Reserves batting - Pitching for Salt Lake City Buzz : RHP César Toledo
|
Batting: RHB Alejandro Ibarra
|
0-0: Swinging Strike 0-1: SINGLE (Groundball, 34D) (infield hit)
|
Batting: RHB Gabriel Pérez
|
0-0: Ball 1-0: Ball 2-0: Ball 3-0: Called Strike 3-1: Foul Ball, location: 2F 3-2: Strikes out swinging Alejandro Ibarra is caught stealing 2nd base Batter strikes out.
|
Batting: RHB Randy Rehling
|
0-0: Swinging Strike 0-1: Ball 1-1: Ball 2-1: Foul Ball, location: 2F 2-2: Foul Ball, location: 2F 2-2: Ball 3-2: Foul Ball, location: 2F 3-2: Base on Balls
|
Batting: SHB Roberto López
|
0-0: Called Strike 0-1: Ball 1-1: Ball 2-1: Called Strike 2-2: Strikes out swinging
|
Top of the 4th over - 0 run(s), 1 hit(s), 0 error(s), 1 left on base; Phoenix 3 - Salt Lake City 1 |
BOTTOM OF THE 4TH |
Salt Lake City Buzz batting - Pitching for Phoenix Hotspur Reserves : LHP Elroy Gardner
|
Batting: SHB Carlton Reed
|
0-0: Swinging Strike 0-1: Ball 1-1: Ball 2-1: Ball 3-1: Foul Ball, location: 2F 3-2: Foul Ball, location: 2F 3-2: Base on Balls
|
Batting: LHB George Huffman
|
0-0: Called Strike 0-1: Fly out, F8 (Flyball, 8RM)
|
Batting: RHB Gustavo Mateo
|
0-0: Foul Ball, location: 2F 0-1: Ball 1-1: Fly out, F7 (Flyball, 7M)
|
Batting: SHB Wayne Saunders
|
0-0: Ball 1-0: Ball 2-0: Foul Ball, location: 2F 2-1: Called Strike 2-2: Ground out 5-3 (Groundball, 5L)
|
Bottom of the 4th over - 0 run(s), 0 hit(s), 0 error(s), 1 left on base; Phoenix 3 - Salt Lake City 1 |
TOP OF THE 5TH |
Phoenix Hotspur Reserves batting - Pitching for Salt Lake City Buzz : RHP César Toledo
|
Batting: RHB Martín Martínez
|
0-0: Ball 1-0: Called Strike 1-1: SOLO HOME RUN (Line Drive, 78XD), Distance : 445 ft
|
Pitching: RHP John Weber
|
|
Batting: RHB Jorge Gonzáles
|
0-0: Ground out 4-3 (Groundball, 34)
|
Batting: RHB Júlio Mateo
|
0-0: Foul Ball, location: 2F 0-1: Ball 1-1: Swinging Strike 1-2: Ball 2-2: Ball 3-2: SINGLE (Groundball, 4MD)
|
Batting: RHB Ben Anderson
|
0-0: Ball 1-0: Swinging Strike 1-1: Called Strike 1-2: Foul Ball, location: 2F 1-2: Ball 2-2: Ball 3-2: Fly out, F3 (Popup, 4)
|
Batting: SHB Jesús González
|
0-0: Ball 1-0: Fly out, F8 (Flyball, 8RM)
|
Top of the 5th over - 1 run(s), 2 hit(s), 0 error(s), 1 left on base; Phoenix 4 - Salt Lake City 1 |
BOTTOM OF THE 5TH |
Salt Lake City Buzz batting - Pitching for Phoenix Hotspur Reserves : LHP Elroy Gardner
|
Batting: RHB Zach Lewis
|
0-0: Ball 1-0: Foul Ball, location: 2F 1-1: Called Strike 1-2: Fly out, F9 (Line Drive, 89S)
|
Batting: RHB Jim Coffey
|
0-0: Ball 1-0: Called Strike 1-1: Ball 2-1: Called Strike 2-2: Ball 3-2: Base on Balls
|
Batting: RHB Juan Martínez
|
0-0: Called Strike 0-1: Ball 1-1: Foul Ball, location: 2F 1-2: Strikes out swinging
|
Batting: LHB Valentín Salas
|
0-0: Called Strike 0-1: Ball 1-1: Foul Ball, location: 2F 1-2: Foul Ball, location: 2F 1-2: Fly out, F8 (Flyball, 8RM)
|
Bottom of the 5th over - 0 run(s), 0 hit(s), 0 error(s), 1 left on base; Phoenix 4 - Salt Lake City 1 |
TOP OF THE 6TH |
Phoenix Hotspur Reserves batting - Pitching for Salt Lake City Buzz : RHP John Weber
|
Batting: RHB Alejandro Ibarra
|
0-0: Called Strike 0-1: Ground out 6-3 (Groundball, 6D)
|
Batting: RHB Gabriel Pérez
|
0-0: Called Strike 0-1: SINGLE (Flyball, 6MD)
|
Batting: RHB Randy Rehling
|
0-0: Called Strike Gabriel Pérez steals 2nd base 0-1: Ground out 6-3 (Groundball, 6) Gabriel Pérez to third
|
Batting: SHB Roberto López
|
0-0: Hit by Pitch
|
Batting: RHB Martín Martínez
|
0-0: Ball 1-0: Ball 2-0: Foul Ball, location: 2F 2-1: Swinging Strike 2-2: Foul Ball, location: 2F 2-2: Ground out 6-3 (Groundball, 6)
|
Top of the 6th over - 0 run(s), 1 hit(s), 0 error(s), 2 left on base; Phoenix 4 - Salt Lake City 1 |
BOTTOM OF THE 6TH |
Salt Lake City Buzz batting - Pitching for Phoenix Hotspur Reserves : LHP Elroy Gardner
|
Pitching: RHP Luis Fernández
|
|
Batting: RHB Roberto Ríos
|
0-0: Ball 1-0: Foul Ball, location: 2F 1-1: SINGLE (Line Drive, 8LS)
|
Batting: SHB Carlton Reed
|
0-0: Bunt missed! 0-1: Ball 1-1: Bunt missed! 1-2: Ball 2-2: Ball 3-2: Ground out 5-3 (Groundball, 56S) Roberto Ríos to second
|
Batting: LHB George Huffman
|
0-0: Foul Ball, location: 2F 0-1: Swinging Strike 0-2: Foul Ball, location: 2F 0-2: Ball 1-2: Fly out, F7 (Flyball, 7LM)
|
Batting: RHB Gustavo Mateo
|
0-0: Called Strike 0-1: Ground out 1-3 (Groundball, 13)
|
Bottom of the 6th over - 0 run(s), 1 hit(s), 0 error(s), 1 left on base; Phoenix 4 - Salt Lake City 1 |
TOP OF THE 7TH |
Phoenix Hotspur Reserves batting - Pitching for Salt Lake City Buzz : RHP John Weber
|
Batting: RHB Jorge Gonzáles
|
0-0: Called Strike 0-1: Swinging Strike 0-2: Ball 1-2: Ball 2-2: SINGLE (Flyball, 89S) - OUT at second base trying to stretch hit.
|
Batting: RHB Júlio Mateo
|
0-0: Called Strike 0-1: Fly out, F3 (Popup, 3SF)
|
Batting: RHB Ben Anderson
|
0-0: Called Strike 0-1: Ball 1-1: Swinging Strike 1-2: Strikes out swinging
|
Top of the 7th over - 0 run(s), 1 hit(s), 0 error(s), 0 left on base; Phoenix 4 - Salt Lake City 1 |
BOTTOM OF THE 7TH |
Salt Lake City Buzz batting - Pitching for Phoenix Hotspur Reserves : RHP Luis Fernández
|
Batting: SHB Wayne Saunders
|
0-0: Ball 1-0: Ball 2-0: Ground out 4-3 (Groundball, 4)
|
Batting: RHB Zach Lewis
|
0-0: Ball 1-0: Ball 2-0: Ball 3-0: Called Strike 3-1: Base on Balls
|
Batting: RHB Jim Coffey
|
0-0: Ball 1-0: Ball 2-0: Foul Ball, location: 2F 2-1: Ball 3-1: Called Strike 3-2: SINGLE (Line Drive, 7LS) Zach Lewis to second
|
Pitching: LHP Ray Davis
|
|
Batting: RHB Juan Martínez
|
0-0: Foul Ball, location: 2F 0-1: Called Strike 0-2: Ball 1-2: Ball 2-2: Ground out 6-3 (Groundball, 56D) Zach Lewis to third Jim Coffey to second
|
Batting: LHB Valentín Salas
|
0-0: Called Strike 0-1: Ball 1-1: Foul Ball, location: 2F 1-2: SINGLE (Line Drive, 8RS) Zach Lewis scores Jim Coffey to third Runner from 3rd tries for Home, SAFE, no throw or cutoff
|
Batting: RHB Roberto Ríos
|
0-0: Ball 1-0: Foul Ball, location: 2F 1-1: Called Strike 1-2: Foul Ball, location: 2F 1-2: Ball 2-2: Foul Ball, location: 2F 2-2: Strikes out looking
|
Bottom of the 7th over - 2 run(s), 2 hit(s), 0 error(s), 1 left on base; Phoenix 4 - Salt Lake City 3 |
TOP OF THE 8TH |
Phoenix Hotspur Reserves batting - Pitching for Salt Lake City Buzz : RHP John Weber
|
Batting: SHB Jesús González
|
0-0: Called Strike 0-1: Foul Ball, location: 2F 0-2: Ball 1-2: Ball 2-2: Foul Ball, location: 2F 2-2: Ball 3-2: Foul Ball, location: 2F 3-2: Foul Ball, location: 2F 3-2: Foul Ball, location: 2F 3-2: Foul Ball, location: 2F 3-2: Base on Balls
|
Pitching: LHP Jim Unknown
|
|
Pinch Hitting: RHB Christian O'Neal
|
0-0: Called Strike 0-1: Foul Ball, location: 2F 0-2: Foul Ball, location: 2F 0-2: Ball 1-2: SINGLE (Groundball, 6M) Jesús González to second Runner from 2nd tries for 3rd, SAFE, throw made to third
|
Batting: RHB Gabriel Pérez
|
0-0: Foul Ball, location: 2F 0-1: Foul Ball, location: 2F 0-2: Strikes out swinging
|
Batting: RHB Randy Rehling
|
0-0: Ball 1-0: Ball 2-0: Ball 3-0: Called Strike 3-1: Fly out, F9 (Flyball, 89D) Runner from 3rd tags up, SCORES, no throw
|
Batting: SHB Roberto López
|
0-0: Ball 1-0: Foul Ball, location: 2F 1-1: Foul Ball, location: 2F 1-2: Ball 2-2: Foul Ball, location: 2F 2-2: Strikes out looking
|
Top of the 8th over - 1 run(s), 1 hit(s), 0 error(s), 1 left on base; Phoenix 5 - Salt Lake City 3 |
BOTTOM OF THE 8TH |
Salt Lake City Buzz batting - Pitching for Phoenix Hotspur Reserves : LHP Ray Davis
|
Now in LF: Christian O'Neal
|
|
Batting: SHB Carlton Reed
|
0-0: Ball 1-0: Ball 2-0: Foul Ball, location: 2F 2-1: Foul Ball, location: 2F 2-2: Ball 3-2: Base on Balls
|
Batting: LHB George Huffman
|
0-0: Ball 1-0: Fly out, F6 (Popup, 6M)
|
Pitching: RHP Ángel Navarro
|
|
Batting: RHB Gustavo Mateo
|
0-0: Ball 1-0: Ball 2-0: Ball 3-0: Base on Balls Carlton Reed to second
|
Pinch Runner at 2nd José Guerra:
|
|
Batting: SHB Wayne Saunders
|
0-0: Called Strike 0-1: Grounds into double play, 4-6-3 (Groundball, 34)
|
Bottom of the 8th over - 0 run(s), 0 hit(s), 0 error(s), 1 left on base; Phoenix 5 - Salt Lake City 3 |
TOP OF THE 9TH |
Phoenix Hotspur Reserves batting - Pitching for Salt Lake City Buzz : LHP Jim Unknown
|
Now in CF: José Guerra
|
|
Batting: RHB Martín Martínez
|
0-0: Foul Ball, location: 2F 0-1: SOLO HOME RUN (Flyball, 78XD), Distance : 433 ft
|
Batting: RHB Jorge Gonzáles
|
0-0: Foul Ball, location: 2F 0-1: Ball 1-1: SINGLE (Groundball, 34)
|
Batting: RHB Júlio Mateo
|
0-0: Ball 1-0: Ball 2-0: Sac Bunt - play at first, batter OUT! 1-4 Jorge Gonzáles to second
|
Batting: RHB Ben Anderson
|
0-0: Foul Ball, location: 2F 0-1: Ball 1-1: Foul Ball, location: 2F 1-2: Fly out, F8 (Flyball, 78M)
|
Batting: SHB Jesús González
|
0-0: Foul Ball, location: 2F 0-1: Ball 1-1: Ball 2-1: Foul Ball, location: 2F 2-2: Ground out 1-3 (Groundball, 13S)
|
Top of the 9th over - 1 run(s), 2 hit(s), 0 error(s), 1 left on base; Phoenix 6 - Salt Lake City 3 |
BOTTOM OF THE 9TH |
Salt Lake City Buzz batting - Pitching for Phoenix Hotspur Reserves : RHP Ángel Navarro
|
Pitching: RHP Pat McCormick
|
|
Batting: RHB Zach Lewis
|
0-0: Ball 1-0: Swinging Strike 1-1: Swinging Strike 1-2: Ball 2-2: Foul Ball, location: 2F 2-2: Strikes out swinging
|
Batting: RHB Jim Coffey
|
0-0: Ball 1-0: Ball 2-0: Ball 3-0: Foul Ball, location: 2F 3-1: Foul Ball, location: 2F 3-2: Base on Balls
|
Batting: RHB Juan Martínez
|
0-0: Ball 1-0: Ball 2-0: Ball 3-0: Foul Ball, location: 2F 3-1: Foul Ball, location: 2F 3-2: Foul Ball, location: 2F 3-2: Strikes out looking
|
Batting: LHB Valentín Salas
|
0-0: Foul Ball, location: 2F 0-1: DOUBLE (Line Drive, 8LM) Jim Coffey to third
|
Pinch Hitting: SHB Felipe González
|
0-0: Swinging Strike 0-1: Ball 1-1: Ball 2-1: Called Strike 2-2: Strikes out looking
|
Bottom of the 9th over - 0 run(s), 1 hit(s), 0 error(s), 2 left on base; Phoenix 6 - Salt Lake City 3 |
|